 Dungeon Crawl Stone Soup version 0.21.0 (webtiles) character file.

56 mopl the Slasher (level 3, 1/21 HPs)
             Began as a Tengu Skald on Jan 7, 2018.
             Quit the game on level 2 of the Dungeon.
             The game lasted 00:01:55 (857 turns).

mopl the Slasher (Tengu Skald)                       Turns: 857, Time: 00:01:55

Health: 1/21       AC: 11    Str: 11    XL:     3   Next: 95%
Magic:  7/7        EV: 12    Int: 13    God:
Gold:   89         SH:  0    Dex: 14    Spells: 1/6 levels left

rFire    . . .     SeeInvis .   a - +0 falchion
rCold    . . .     Gourm    .   (no shield)
rNeg     . . .     Faith    .   k - +0 ring mail
rPois    .         Spirit   .   (helmet restricted)
rElec    .         Reflect  .   (no cloak)
rCorr    .         Harm     .   (no gloves)
MR       .....                  (boots unavailable)
Stlth    +.........             (no amulet)
HPRegen  0.07/turn              m - +6 ring of protection
MPRegen  0.10/turn              (no ring)

@: lethally poisoned (1 -> -9), flying quickly and evasively, very slightly
contaminated, hasted, drained, very quick
A: beak, talons 3
a: no special abilities


You were on level 2 of the Dungeon.
You were not hungry.

You visited 1 branch of the dungeon, and saw 2 of its levels.

You collected 89 gold pieces.

Inventory:

Hand Weapons
 a - a +0 falchion (weapon)
 b - a +4 dagger of draining
Missiles
 f - a throwing net (quivered)
Armour
 k - a +0 ring mail (worn)
Jewellery
 m - a +6 ring of protection (left hand)
Scrolls
 h - 2 scrolls of identify {unknown}
 i - a scroll of fog {unknown}
 l - a scroll of noise {unknown}
 n - a scroll of remove curse {unknown}
 p - 2 scrolls of random uselessness {unknown}
Books
 c - a book of Battle

   Spells                             Type                      Level
   a - Infusion                       Charms                       1
   b - Shroud of Golubria             Charms/Translocation         2
   c - Song of Slaying                Charms                       2
   d - Spectral Weapon                Hexes/Charms                 3
   e - Regeneration                   Charms/Necromancy            3
Comestibles
 d - 3 rations
 g - 11 chunks of flesh


   Skills:
 - Level 2.0(1.3) Fighting
 * Level 4.5(3.8) Long Blades
 - Level 1.1(0.4) Armour
 - Level 2.1(1.5) Dodging
 - Level 2.0(1.3) Spellcasting
 - Level 2.4(1.7) Charms


You had one spell level left.
You knew the following spells:

 Your Spells              Type           Power        Failure   Level  Hunger
a - Infusion              Chrm           #...         32%         1    ##.....
b - Song of Slaying       Chrm           #.......     43%         2    ###....
f - Shroud of Golubria    Chrm/Tloc      #.........   56%         2    ###....


Dungeon Overview and Level Annotations

Branches:
Dungeon (2/15)

Altars:
Ru


Innate Abilities, Weirdness & Mutations

You have a beak for a mouth.
You have claws for feet.


Message History

The goblin shouts!
Items here: ) [[ ††† It was a potion of flight.
You feel very buoyant.
You swoop lightly up into the air.
You feel sick.
It was a potion of haste.
You feel yourself speed up.
* * * LOW HITPOINT WARNING * * *
You feel sick. The goblin hits you but does no damage.
* * * LOW HITPOINT WARNING * * *
You feel sick.
* * * LOW HITPOINT WARNING * * *
You feel sick.
* * * LOW HITPOINT WARNING * * *
You feel sick.
* * * LOW HITPOINT WARNING * * *
You feel sick.
* * * LOW HITPOINT WARNING * * *
You feel sick.
Unknown command.
Are you sure you want to abandon this character and quit the game? (Confirm with "yes".)

#. #..##.#.#.## #.
###...#...#.# # #.
##.))#.#.###.## ..
#<##..###.........
#.. #.#..##
##.....#.. ..
#...## #####.##.
#.###.)### #....
#........## #..
###.@###..#### ..
#...###...)# .
#..#..#####w# #..#
#.# #)# #.# .# #w#
.. .. .w# ## ##
.... .##.. .. #...


There were no monsters in sight!

Vanquished Creatures
  Robin (D:2)
  A dart slug (D:1)
  4 giant cockroaches
  10 goblins
  5 hobgoblins
  4 jackals (D:1)
  A quokka (D:2)
  6 bats (D:1)
  A frilled lizard (D:1)
  2 kobolds (D:1)
  3 rats
38 creatures vanquished.

Notes
Turn   | Place    | Note
-------+----------+-------------------------------------------
     0 | D:1      | mopl the Tengu Skald began the quest for the Orb.
     0 | D:1      | Reached XP level 1. HP: 12/12 MP: 4/4
    14 | D:1      | Found a sacrificial altar of Ru.
   118 | D:1      | Reached XP level 2. HP: 13/17 MP: 6/6
   122 | D:1      | Learned a level 2 spell: Song of Slaying
   125 | D:1      | Learned a level 2 spell: Shroud of Golubria
   202 | D:1      | Reached skill level 3 in Long Blades
   631 | D:1      | Reached XP level 3. HP: 21/21 MP: 7/7
   787 | D:2      | Reached skill level 4 in Long Blades
   832 | D:2      | Noticed Robin
   842 | D:2      | Killed Robin
   856 | D:2      | HP: 1/21 [poisoned by Robin]
   857 | D:2      | Quit the game

Skill      XL: |  1  2  3 |
---------------+----------+-----
Long Blades    | 3 4 |  4.5
Fighting       | |  2.0
Armour         | |  1.1
Dodging        | |  2.1
Spellcasting   | |  2.0
Charms         | |  2.4

Action                   || total
-------------------------++-------
Melee: Falchion          ||    67
       Kick              ||    21
       Peck              ||     9
 Cast: Infusion          ||     5
       Song of Slaying   ||     1
  Use: Potion            ||     2
 Stab: Sleeping          ||     1
Armor: Ring mail         ||    19
       Leather armour    ||     3
Dodge: Dodged            ||    52
       Rpst.: Falchion   ||    15
